 Dungeon Crawl Stone Soup version 0.17-b1-36-g7b1967c (webtiles) character file.

9069 HaroldButt the Geomancer (level 11, 0/67 HPs)
             Began as a Gargoyle Earth Elementalist on Nov 4, 2015.
             Was an Elder of Vehumet.
             Slain by a minotaur (22 damage)
             ... in a labyrinth on Nov 6, 2015.
             The game lasted 00:57:41 (11799 turns).

HaroldButt the Geomancer (GrEE)                    Turns: 11799, Time: 00:57:41

Health: 0/67       AC: 17    Str: 15    XL:     11   Next: 40%
Magic:  3/22       EV: 11    Int: 18    God:    Vehumet [****..]
Gold:   659        SH:  0    Dex: 10    Spells: 5 memorised, 10 levels left

rFire  + . .     SeeInvis .     N - staff of earth
rCold  . . .     Clarity  .     y - +3 leather armour {rF+}
rNeg   + . .     SustAt   .     (no shield)
rPois  ∞         Gourm    +     A - +0 helmet
rElec  +         Spirit   .     u - +1 cloak {MR+}
rCorr  .         Warding  .     (no gloves)
rMut   .         Stasis   .     x - +0 pair of boots
MR     ++...                    J - amulet of the gourmand
Stlth  ++........               D - ring of protection from magic
                                e - ring of Othreto {rPois Str+2}

@: very resistant to hostile enchantments, unstealthy
A: negative energy resistance 1, electricity resistance, unbreathing,
petrification resistance, rot immunity, AC +7
a: Renounce Religion


You were in a labyrinth.
You worshipped Vehumet.
Vehumet was greatly pleased with you.
You were very full.

You visited 3 branches of the dungeon, and saw 12 of its levels.
You also visited: Labyrinth.

You collected 801 gold pieces.
You spent 142 gold pieces at shops.

Inventory:

Hand Weapons
 b - a +0 dire flail
Missiles
 a - 155 stones
 g - 3 throwing nets (quivered)
 F - 2 tomahawks
Armour
 u - a +1 cloak of magic resistance (worn)
 x - a +0 pair of boots (worn)
 y - a +3 leather armour of fire resistance (worn)
 A - a +0 helmet (worn)
 U - a +2 pair of gloves
Magical Staves
 E - an uncursed staff of death
 N - an uncursed staff of earth (weapon)
Jewellery
 e - the ring of Othreto (left hand) {rPois Str+2}
   (You found it on level 6 of the Dungeon)

   [ring of poison resistance]

   It affects your strength (+2).
   It protects you from poison.
 k - an uncursed amulet of resist mutation
 l - the amulet "Pyabiys" {Clar *Corrode rPois rN+ Str+4}
   (You found it on level 5 of the Dungeon)

   [amulet of clarity]

   It provides mental clarity.
   It affects your strength (+4).
   It protects you from poison.
   It protects you from negative energy.
   It may corrode your equipment when you take damage.
 D - a ring of protection from magic (right hand)
 J - an amulet of the gourmand (around neck)
Wands
 f - a wand of slowing (32)
 h - a wand of slowing (8)
 r - a wand of flame (31)
 z - a wand of cold (5)
 M - a wand of frost (20)
 O - a wand of paralysis (9)
Scrolls
 i - a scroll of fog
 o - 2 scrolls of blinking
 q - 4 scrolls of remove curse
 B - 3 scrolls of enchant weapon
 C - a scroll of magic mapping
 G - a scroll of silence {unknown}
 H - 2 scrolls of enchant armour {unknown}
 P - a scroll of immolation {unknown}
 R - 2 scrolls of teleportation
Potions
 m - 2 potions of might
 n - 2 potions of curing
 s - a potion of berserk rage
 t - 4 potions of agility
 v - 2 potions of ambrosia
 w - a potion of cure mutation
 Q - a potion of magic
 S - a potion of resistance {unknown}
 T - a potion of invisibility {unknown}
Books
 c - a book of Geomancy

   Spells                             Type                      Level
   a - Sandblast                      Earth                        1
   b - Stoneskin                      Transmutation/Earth          2
   c - Passwall                       Transmutation/Earth          3
   d - Stone Arrow                    Conjuration/Earth            3
   e - Petrify                        Transmutation/Earth          4
   f - Lee's Rapid Deconstruction     Earth                        5
 j - a book of Dreams

   Spells                             Type                      Level
   a - Ensorcelled Hibernation        Hexes/Ice                    2
   b - Phase Shift                    Translocation                5
   c - Shadow Creatures               Summoning                    5
   d - Silence                        Hexes/Air                    5
   e - Darkness                       Hexes                        6
   f - Mass Confusion                 Hexes                        6
 I - a book of the Warp

   Spells                             Type                      Level
   a - Recall                         Summoning/Translocation      3
   b - Gell's Gravitas                Hexes/Translocation          3
   c - Force Lance                    Conjuration/Translocation    4
   d - Phase Shift                    Translocation                5
   e - Warp Weapon                    Charms/Translocation         5
   f - Summon Forest                  Summoning/Translocation      5
Comestibles
 d - 7 bread rations
 p - 4 meat rations
 K - a slice of pizza
 L - 3 fruits


   Skills:
 + Level 7.1 Fighting
 - Level 6.0(6.2) Maces & Flails
 + Level 1.9(4.2) Staves
 - Level 1.6 Dodging
 - Level 2.1 Stealth
 - Level 0.2 Unarmed Combat
 + Level 7.9 Spellcasting
 - Level 10.0 Conjurations
 - Level 0.7 Transmutations
 - Level 10.0 Earth Magic
 + Level 1.6 Evocations


You had 10 spell levels left.
You knew the following spells:

 Your Spells              Type           Power        Failure   Level  Hunger
a - Sandblast             Erth           ######       1%          1    None
b - Stoneskin             Trmt/Erth      #####...     1%          2    None
c - Stone Arrow           Conj/Erth      ######       1%          3    #......
d - Lee's Rapid Deconstr  Erth           ######....   1%          5    #####..
e - Petrify               Trmt/Erth      #####...     17%         4    ###....


Dungeon Overview and Level Annotations

Branches:
Dungeon (9/15)             Temple (1/1) D:5            Lair (2/8) D:9
    Orc: D:9-12

Altars:
Ashenzari
Cheibriados
Dithmenos
Elyvilon
Fedhas
Gozag
Kikubaaqudgha
Makhleb
Nemelex Xobeh
Okawaru
Qazlal
Ru
Sif Muna
Trog
Vehumet
Xom
Yredelemnul
Zin
The Shining One

Shops:
D:4 ?


Innate Abilities, Weirdness & Mutations

You are resistant to torment.
Your stone body is resilient (AC +7).
You are immune to poison.
You resist negative energy.
You are resistant to electric shocks.
You can survive without breathing.
You are immune to petrification.
You are immune to rotting.


Message History

The minotaur hits you!
The minotaur gores you but does no damage.
Casting: Stone Arrow
Confirm with . or Enter, or press ? or * to list all spells.
Aiming: Stone Arrow
Press: ? - help, Shift-Dir - straight line, f/p - minotaur
Aim: a minotaur, wearing a pitted plate armour (moderately wounded)
You feel a surge of power!
The stone arrow hits the minotaur.
The minotaur is heavily wounded.
The minotaur hits you! The minotaur closely misses you.
The minotaur barely misses you. The minotaur gores you.
Casting: Stone Arrow
Confirm with . or Enter, or press ? or * to list all spells.
Aiming: Stone Arrow
Press: ? - help, Shift-Dir - straight line, f/p - minotaur
Aim: a minotaur, wearing a pitted plate armour (heavily wounded)
You feel a surge of power!
The stone arrow hits the minotaur.
The minotaur is heavily wounded.
The minotaur hits you!!
You die...

... . . ..# #
▓..# # ##.#.#
≈▓.. # #
#..#.#.≈≈▓..# .
###..'...<≈▓.. ##
# #....# #.≈≈ .
.#. .. ###..# #
▓.##. .
#..####▓▓▓.. ..#
#..H@.......###.#
. #...#...#...#
#.# ###.#.###. ##
. # #...# #.# .#
.# ##### # #. .
.# . #. . # #


You could see a minotaur.

Vanquished Creatures
  The ghost of Britaniac the Changer, a novice NaTm (D:5)
  2 spiny frogs (Lair:1)
  A komodo dragon (D:9)
  A two-headed ogre (D:7)
  A shadow (Lab)
  6 yaks
  Eustachio (D:4)
  2 wyverns
  3 hippogriffs
  2 basilisks (Lab)
  5 sky beasts
  An ice beast (D:6)
  2 black bears
  4 centaurs
  A wasp (D:8)
  8 ogres
  2 phantoms
  6 orc warriors
  A crocodile (Lair:1)
  6 giant frogs
  A gnoll sergeant (D:7)
  A big kobold (D:7)
  2 scorpions (D:5)
  A water moccasin zombie (D:7)
  5 killer bees (D:9)
  5 wights
  7 crimson imps
  The ghost of radek the Conjurer, a weakling DECj (D:3)
  2 gnoll shamans (D:7)
  2 jellies (D:8)
  7 orc wizards
  12 orc priests
  Crazy Yiuf (D:3)
  A quasit (D:8)
  7 hounds
  A giant frog skeleton (D:8)
  Terence (D:2)
  Natasha (twice) (D:3)
  3 iguanas
  An iron imp (D:9)
  4 worker ants
  A killer bee zombie (D:5)
  A hound skeleton (D:7)
  A worker ant zombie (D:7)
  Robin (D:4)
  16 adders
  12 gnolls
  An ooze (D:2)
  An adder skeleton (D:8)
  30 orcs
  12 bats
  7 giant cockroaches
  14 goblins
  17 hobgoblins
  14 jackals
  3 quokkas
  A ball python (D:2)
  A giant gecko (D:2)
  3 giant gecko skeletons
  6 giant newts
  A jackal zombie (D:8)
  12 kobolds
  2 quokka skeletons
  4 rats
284 creatures vanquished.

Vanquished Creatures (others)
  5 plants
5 creatures vanquished.

Grand Total: 289 creatures vanquished

Notes
Turn   | Place    | Note
--------------------------------------------------------------
     0 | D:1      | HaroldButt the Gargoyle Earth Elementalist began the quest for the Orb.
     0 | D:1      | Reached XP level 1. HP: 10/10 MP: 3/3
   152 | D:1      | Reached skill level 4 in Earth Magic
   155 | D:1      | Reached XP level 2. HP: 12/15 MP: 5/5
   931 | D:1      | Reached XP level 3. HP: 16/19 MP: 6/6
   954 | D:1      | Learned a level 2 spell: Stoneskin
   958 | D:1      | Learned a level 3 spell: Stone Arrow
  1338 | D:2      | Reached skill level 5 in Earth Magic
  1458 | D:2      | Reached XP level 4. HP: 16/24 MP: 6/8
  1768 | D:2      | Noticed Terence
  1803 | D:2      | Killed Terence
  2357 | D:3      | Upgraded the game from 0.17-b1-20-g63edfd6 to 0.17-b1-25-g6d8775f
  2361 | D:3      | Reached XP level 5. HP: 25/28 MP: 9/9
  2379 | D:3      | Noticed radek's ghost (weakling DECj)
  2393 | D:3      | Killed radek's ghost
  2393 | D:3      | Reached skill level 6 in Earth Magic
  2445 | D:3      | Noticed Natasha
  2460 | D:3      | Killed Natasha
  2768 | D:3      | Noticed Natasha
  2769 | D:3      | Killed Natasha
  2891 | D:3      | Noticed Crazy Yiuf
  2922 | D:3      | Killed Crazy Yiuf
  2922 | D:3      | Reached XP level 6. HP: 17/32 MP: 0/11
  3043 | D:4      | Reached skill level 1 in Conjurations
  3168 | D:4      | Reached skill level 7 in Earth Magic
  3209 | D:4      | Found a glowing silver altar of Zin.
  3209 | D:4      | Noticed an angel
  3210 | D:4      | Found a shimmering altar of Xom.
  3227 | D:4      | Noticed Eustachio
  3289 | D:4      | Killed Eustachio
  3289 | D:4      | Reached XP level 7. HP: 10/36 MP: 0/12
  3520 | D:4      | Learned a level 5 spell: Lee's Rapid Deconstruction
  3949 | D:4      | Noticed Robin
  3957 | D:4      | Killed Robin
  4237 | D:4      | Upgraded the game from 0.17-b1-25-g6d8775f to 0.17-b1-36-g7b1967c
  4358 | D:4      | Found Hienuot's Magic Scroll Shoppe.
  4363 | D:4      | Bought a scroll of enchant weapon for 97 gold pieces
  4363 | D:4      | Bought a scroll of magic mapping for 45 gold pieces
  4708 | D:5      | Entered Level 5 of the Dungeon
  4725 | D:5      | Got a clouded bone amulet
  4746 | D:5      | Reached skill level 8 in Earth Magic
  4750 | D:5      | Reached XP level 8. HP: 41/41 MP: 1/14
  4959 | D:5      | Reached skill level 5 in Conjurations
  5096 | D:5      | Found a staircase to the Ecumenical Temple.
  5136 | Temple   | Entered the Ecumenical Temple
  5191 | Temple   | Became a worshipper of Vehumet
  5347 | D:5      | Identified the amulet "Pyabiys" {Clar *Corrode rPois rN+ Str+4} (You found it on level 5 of the Dungeon)
  5425 | D:5      | Reached skill level 9 in Earth Magic
  5571 | D:5      | Reached skill level 5 in Spellcasting
  5709 | D:5      | Noticed Britaniac's ghost (novice NaTm)
  5796 | D:5      | Killed Britaniac's ghost
  5796 | D:5      | Reached XP level 9. HP: 45/45 MP: 0/17
  5936 | D:6      | Got a slimy copper ring
  5937 | D:6      | Identified the ring of Othreto {rPois Str+2} (You found it on level 6 of the Dungeon)
  5953 | D:6      | Reached skill level 10 in Earth Magic
  6762 | D:6      | Found a basalt altar of Yredelemnul.
  7608 | D:7      | Reached * piety under Vehumet
  7608 | D:7      | Offered knowledge of Sting by Vehumet.
  8144 | D:7      | Reached skill level 10 in Conjurations
  8190 | D:7      | Reached skill level 1 in Maces & Flails
  8278 | D:7      | Reached skill level 1 in Fighting
  8278 | D:7      | Reached XP level 10. HP: 24/52 MP: 2/18
  8313 | D:7      | Reached ** piety under Vehumet
  8394 | D:7      | Offered knowledge of Freeze by Vehumet.
  9446 | D:8      | Found a sparkling altar of Nemelex Xobeh.
  9530 | D:8      | Found a bloodstained altar of Trog.
  9556 | D:8      | Offered knowledge of Mephitic Cloud by Vehumet.
  9639 | D:8      | Learned a level 4 spell: Petrify
  9671 | D:8      | Reached *** piety under Vehumet
  9949 | D:8      | Found a sacrificial altar of Ru.
  9996 | D:9      | Found a shattered altar of Ashenzari.
 10132 | D:9      | Reached skill level 5 in Fighting
 10194 | D:9      | Offered knowledge of Airstrike by Vehumet.
 10282 | D:9      | Reached skill level 5 in Maces & Flails
 10364 | D:9      | Found a staircase to the Lair.
 10477 | D:9      | Found a snail-covered altar of Cheibriados.
 10540 | D:9      | Reached XP level 11. HP: 56/64 MP: 11/21
 10961 | Lair:1   | Entered Level 1 of the Lair of Beasts
 11094 | Lair:1   | Reached **** piety under Vehumet
 11431 | Lair:1   | Reached skill level 1 in Staves
 11431 | Lair:1   | Reached skill level 1 in Evocations
 11626 | Lair:2   | Found a labyrinth entrance.
 11635 | Lab      | Entered a labyrinth
 11673 | Lab      | Offered knowledge of Lightning Bolt by Vehumet.
 11786 | Lab      | Noticed a minotaur
 11799 | Lab      | Slain by a minotaur

Action                   |  1- 3 |  4- 6 |  7- 9 | 10-12 || total
-------------------------+-------+-------+-------+-------++-------
Melee: Unarmed           |    32 |       |       |       ||    32
       Dagger            |    93 |    96 |    41 |       ||   230
       Flail             |       |       |    65 |       ||    65
       Whip              |       |       |    85 |       ||    85
       Dire flail        |       |       |   167 |   278 ||   445
       Staff             |       |       |       |    14 ||    14
Throw: Stone             |       |     2 |       |       ||     2
 Cast: Sandblast         |    21 |    42 |   116 |    24 ||   203
       Stone Arrow       |       |    12 |    50 |   116 ||   178
       Lee's Rapid Decon |       |       |     2 |     3 ||     5
       Petrify           |       |       |       |     1 ||     1
  Use: Scroll            |     6 |       |     9 |     7 ||    22
       Potion            |       |       |       |     5 ||     5
 Stab: Sleeping          |     4 |     5 |     3 |     1 ||    13
  Eat: Chunk             |     2 |     7 |    14 |    31 ||    54
       Meat ration       |       |       |     1 |       ||     1
       Beef jerky        |       |       |     1 |       ||     1
